 Dungeon Crawl Stone Soup version 0.17.0-28-g6e173f8 (webtiles) character file.

83 M4edhros the Charlatan (level 4, -4/28 HPs)
             Began as an Octopode Artificer on Nov 25, 2015.
             Killed by nerve-wracking pain
             ... invoked by an orc priest
              (9 damage)
             ... on level 3 of the Dungeon.
             The game lasted 00:01:19 (1327 turns).

M4edhros the Charlatan (Octopode Artificer)         Turns: 1327, Time: 00:01:19

Health: -4/28      AC:  1    Str: 10    XL:     4   Next: 44%
Magic:  7/7        EV: 12    Int: 14    God:
Gold:   90         SH:  0    Dex: 13    Spells: 0 memorised, 3 levels left

rFire  . . .     SeeInvis .     f - +0 short sword (venom)
rCold  . . .     Clarity  .     (no shield)
rNeg   . . .     SustAt   .     (helmet restricted)
rPois  .         Gourm    .     (no amulet)
rElec  .         Spirit   .     (no ring)
rCorr  .         Warding  .     (no ring)
rMut   .         Stasis   .     (no ring)
MR     .....                    (no ring)
Stlth  ++++......               (no ring)
                                (no ring)
                                (no ring)
                                (no ring)

@: not resistant to hostile enchantments, stealthy
A: almost no armour, amphibious, 8 rings, constrict 8, camouflage 1, gelatinous
body 1
a: no special abilities


You were on level 3 of the Dungeon.
You were very hungry.

You visited 1 branch of the dungeon, and saw 3 of its levels.

You collected 90 gold pieces.

Inventory:

Hand Weapons
 a - a +0 short sword
 f - a +0 short sword of venom (weapon)
 k - a +0 hunting sling
Missiles
 g - 40 stones (quivered)
 r - 3 steel javelins
Jewellery
 i - an uncursed ring of ice {unknown}
Wands
 b - a wand of flame (15)
 c - a wand of enslavement (15)
 d - a wand of random effects (13)
Scrolls
 j - 3 scrolls of identify {unknown}
 l - a scroll of fear {unknown}
 m - a scroll of magic mapping {unknown}
 n - a scroll of noise {unknown}
 p - a scroll of remove curse {unknown}
 q - a scroll of fog {unknown}
Potions
 o - a potion of curing
Comestibles
 e - a bread ration
 h - 2 meat rations
 s - a slice of pizza


   Skills:
 - Level 1.0 Fighting
 - Level 1.0 Short Blades
 + Level 2.0 Slings
 - Level 2.0 Dodging
 + Level 3.7 Stealth
 + Level 4.1 Evocations


You had 3 spell levels left.
You didn't know any spells.

Dungeon Overview and Level Annotations

Branches:
Dungeon (3/15)

Altars:
Ashenzari
Cheibriados
Elyvilon
Kikubaaqudgha
Sif Muna
Yredelemnul


Innate Abilities, Weirdness & Mutations

You cannot wear most types of armour.
You are amphibious.
You can wear up to eight rings at the same time.
You can use your tentacles to constrict eight enemies at once.
Your skin changes colour to match your surroundings (Stealth).
Your rubbery body absorbs attacks (AC +1).


Message History

The puff of flame hits you!
You hit the orc wizard.
The orc wizard looks even sicker.
The orc wizard is severely wounded.
You constrict the orc wizard.
The orc wizard points at you and mumbles some strange words.
The puff of flame misses you.
You hit the orc wizard.
You kill the orc wizard!
Your Slings skill increases to level 2!
You have reached level 4!
Evoke which item? (* to show all) (? for menu, Esc to quit)
Zapping:
d - a wand of random effects (14)
Press: ? - help, Shift-Dir - straight line, f - orc priest
Aim: an orc priest, wielding a short sword and wearing a leather armour The orc priest seems to speed up.
This wand has 13 charges left.
The orc priest hits you with a short sword!
* * * LOW HITPOINT WARNING * * *
The orc priest calls down the wrath of Beogh upon you.
Pain shoots through your body!
You die...

#.# ... #.#
########### #.#
#......@o.# #.#
#.#######..# #.# #
#.#..#.# #
####.#.##..#### #
###...###o......# ####
..(....#.###.##.# #...
#.#.. #.###...#.###.##
........##......##..#_
#.....#####....#...##.


You could see an orc priest.

Vanquished Creatures
  An orc wizard (D:3)
  3 adders (D:3)
  A worm (D:2)
  A giant gecko (D:2)
  An orc (D:3)
  3 bats (D:1)
  4 goblins (D:1)
  A hobgoblin (D:2)
  2 jackals (D:1)
  2 kobolds (D:1)
  A quokka (D:3)
  4 rats
24 creatures vanquished.

Notes
Turn   | Place    | Note
--------------------------------------------------------------
     0 | D:1      | M4edhros the Octopode Artificer began the quest for the Orb.
     0 | D:1      | Reached XP level 1. HP: 13/13 MP: 3/3
   117 | D:1      | Reached XP level 2. HP: 11/18 MP: 4/4
   761 | D:2      | Reached skill level 1 in Slings
   897 | D:3      | Reached XP level 3. HP: 14/23 MP: 5/5
  1071 | D:3      | Reached skill level 4 in Evocations
  1268 | D:3      | Found a basalt altar of Yredelemnul.
  1269 | D:3      | Found a white marble altar of Elyvilon.
  1269 | D:3      | Found a snail-covered altar of Cheibriados.
  1269 | D:3      | Found a deep blue altar of Sif Muna.
  1275 | D:3      | Found a shattered altar of Ashenzari.
  1275 | D:3      | Found an ancient bone altar of Kikubaaqudgha.
  1326 | D:3      | Reached XP level 4. HP: 12/28 MP: 7/7
  1327 | D:3      | Killed from afar by an orc priest

Action                   |  1- 3 |  4- 6 || total
-------------------------+-------+-------++-------
Melee: Short sword       |    46 |       ||    46
Evoke: Wand              |     1 |     1 ||     2
  Use: Potion            |     1 |       ||     1
 Stab: Sleeping          |     5 |       ||     5
